AoeStats
← shutianchen

Lombardia

508017209Analyzed
4v4 RM · 11d ago on Sep 20, 2026· 89m 28s· 8 players
Game mode
Random Map
Map size
Large (8 player)
Population
200
Speed
Normal
Resources
Standard
Victory
Conquest
Starting age
Dark Age
Ending age
Imperial Age
RankedLock teamsTeams togetherTeam positionsShared explorationLock speedFull tech treeHidden civsTurbo modeCheats
Victory
Defeat
🇦🇷 Vikings · Argentina
1027
+14
🇨🇳 Franks · China
1008
+14
🇺🇸 Burmese · United States
953
+18
🇺🇸 Portuguese · United States
944
+17
🇬🇧 Bulgarians · United Kingdom
978
-16
🇧🇷 Britons · Brazil
975
-16
🇧🇪 Mongols · Belgium
973
-16
🇹🇼 Poles · Taiwan
958
-15
HighTowerM8
0:28 Loom
10:24 Feudal Age
11:11 Double-Bit Axe
11:09 Horse Collar
18:14 Castle Age
19:45 Heavy Plow
20:50 Bow Saw
22:31 Stone Mining
25:03 Stone Shaft Mining
24:26 Gold Mining
25:46 Wheelbarrow
28:10 Gold Shaft Mining
28:44 Hand Cart
32:57 Imperial Age
30:41 Masonry
30:51 Ballistics
30:27 Murder Holes
31:54 Forging
31:45 Scale Mail Armor
31:51 Scale Barding Armor
31:37 Fletching
31:35 Gambesons
31:51 Squires
31:37 Arson
32:05 Bloodlines
31:56 Husbandry
31:55 Guard Tower
32:50 Iron Casting
34:12 Pikeman
35:29 Architecture
36:00 Chemistry
36:07 Crop Rotation
36:46 Town Watch
36:27 Halberdier
36:31 Elite Konnik
37:07 Stirrups
37:34 Conscription
39:47 Bodkin Arrow
40:53 Blast Furnace
40:09 Chain Mail Armor
42:08 Bagains
42:17 Bracer
42:47 Plate Mail Armor
42:38 Chain Barding Armor
56:00 Caravan
61:10 Light Cavalry
Sesiom
12:08 Feudal Age
18:32 Castle Age
20:14 Horse Collar
20:51 Double-Bit Axe
21:49 Bow Saw
22:46 Heavy Plow
23:07 Forging
22:58 Scale Mail Armor
24:17 Fletching
24:27 Padded Archer Armor
26:30 Elite Skirmisher
26:33 Pikeman
30:33 Squires
31:47 Bodkin Arrow
32:55 Ballistics
33:09 Leather Archer Armor
34:21 Wheelbarrow
33:41 Arson
35:40 Yeomen
36:04 Iron Casting
42:02 Imperial Age
39:47 Hand Cart
42:40 Chain Mail Armor
43:54 Conscription
44:09 Crossbowman
45:41 Bracer
46:42 Blast Furnace
46:08 Halberdier
48:20 Plate Mail Armor
KlauKalash
10:53 Loom
12:39 Feudal Age
13:59 Double-Bit Axe
17:16 Castle Age
16:23 Horse Collar
19:05 Bow Saw
20:34 Fletching
25:52 Wheelbarrow
28:43 Gold Mining
31:09 Stone Mining
31:23 Heavy Plow
32:35 Ballistics
33:00 Gold Shaft Mining
33:34 Hand Cart
33:07 Town Watch
33:56 Bodkin Arrow
34:25 Bloodlines
35:32 Padded Archer Armor
35:37 Husbandry
36:18 Town Patrol
36:35 Leather Archer Armor
43:54 Imperial Age
46:51 Stone Shaft Mining
46:19 Bracer
46:00 Elite Mangudai
47:12 Drill
47:30 Hoardings
48:01 Conscription
47:52 Capped Ram
48:57 Siege Ram
51:01 Onager
55:23 Siege Onager
59:40 Murder Holes
59:56 Masonry
74:10 Caravan
shutianchen
11:05 Feudal Age
17:22 Castle Age
16:54 Double-Bit Axe
16:53 Horse Collar
19:53 Bow Saw
19:47 Heavy Plow
25:55 Wheelbarrow
25:33 Gold Mining
25:34 Stone Mining
30:09 Imperial Age
28:11 Forging
28:16 Scale Barding Armor
28:30 Bloodlines
28:30 Husbandry
31:21 Hand Cart
30:56 Cavalier
32:38 Chain Barding Armor
32:54 Iron Casting
34:15 Szlachta Privileges
36:57 Blast Furnace
54:27 Elite Obuch
55:31 Lechitic Legacy
54:34 Light Cavalry
55:28 Winged Hussar
dajaegbu
9:30 Loom
12:12 Feudal Age
14:38 Wheelbarrow
14:05 Double-Bit Axe
18:36 Castle Age
16:35 Horse Collar
19:37 Bow Saw
26:01 Pikeman
28:11 Gambesons
29:20 Caravan
31:29 Scale Mail Armor
34:10 Imperial Age
34:23 Forging
34:29 Chain Mail Armor
35:13 Conscription
36:28 Two-Man Saw
35:47 Hand Cart
36:02 Elite Organ Gun
37:02 Halberdier
42:29 Plate Mail Armor
42:35 Iron Casting
46:43 Chemistry
48:43 Blast Furnace
61:05 Arquebus
66:49 Arson
79:01 Man-at-Arms
84:03 Town Watch
86:09 Long Swordsman
86:36 Two-Handed Swordsman
89:05 Spies/Treason
Peacemaker2000
2:32 Loom
13:30 Feudal Age
14:54 Horse Collar
19:22 Wheelbarrow
23:02 Castle Age
22:14 Scale Mail Armor
23:13 Forging
23:05 Pikeman
24:32 Stone Mining
27:33 Hand Cart
29:24 Squires
29:11 Gambesons
28:47 Man-at-Arms
29:51 Gold Mining
31:03 Gold Shaft Mining
29:52 Long Swordsman
30:19 Arson
33:12 Heavy Plow
36:35 Imperial Age
37:15 Chain Mail Armor
37:33 Two-Handed Swordsman
38:42 Parthian Tactics
38:40 Conscription
39:03 Caravan
39:32 Ballistics
39:45 Plate Mail Armor
40:37 Halberdier
40:38 Champion
44:42 Heavy Cavalry Archer
45:30 Manipur Cavalry
48:12 Bloodlines
48:03 Husbandry
50:26 Iron Casting
51:26 Scale Barding Armor
52:21 Blast Furnace
53:11 Howdah
54:25 Elite Arambai
57:40 Elite Battle Elephant
60:12 Chain Barding Armor
64:50 Crop Rotation
66:41 Plate Barding Armor
66:10 Light Cavalry
70:24 Town Watch
76:01 Chemistry
75:58 Hussar
84:19 Masonry
84:21 Fortified Wall
86:06 Architecture
88:05 Spies/Treason
CapitanMOTA
10:17 Feudal Age
16:04 Double-Bit Axe
19:49 Castle Age
18:09 Gold Mining
18:16 Horse Collar
19:53 Crossbowman
21:46 Fletching
21:56 Padded Archer Armor
23:19 Bodkin Arrow
27:52 Ballistics
29:27 Loom
30:04 Town Watch
31:53 Scale Mail Armor
32:45 Gambesons
33:01 Squires
32:49 Arson
37:41 Imperial Age
36:24 Forging
38:06 Capped Ram
38:44 Arbalester
39:32 Bracer
39:48 Leather Archer Armor
42:44 Chieftains
43:10 Bogsveigar
44:37 Ring Archer Armor
45:02 Conscription
45:44 Bow Saw
45:35 Pikeman
47:27 Gold Shaft Mining
48:45 Chain Mail Armor
49:05 Iron Casting
52:51 Hoardings
51:37 Elite Berserk
52:39 Siege Ram
55:52 Chemistry
60:39 Elite Skirmisher
64:55 Blast Furnace
64:26 Plate Mail Armor
64:00 Town Patrol
64:03 Chieftains
66:06 Hoardings
66:59 Light Cavalry
74:10 Scale Barding Armor
76:33 Two-Man Saw
87:35 Sappers
88:44 Chain Barding Armor
随风
5:37 Loom
10:59 Feudal Age
12:01 Double-Bit Axe
18:46 Castle Age
20:27 Stone Mining
20:49 Bow Saw
20:31 Gold Mining
22:03 Wheelbarrow
30:44 Imperial Age
29:10 Gold Shaft Mining
30:21 Husbandry
30:29 Scale Barding Armor
30:35 Forging
31:00 Hand Cart
30:53 Cavalier
32:16 Chain Barding Armor
32:32 Iron Casting
33:00 Paladin
35:02 Masonry
35:30 Plate Barding Armor
35:56 Blast Furnace
35:51 Chivalry
36:37 Architecture
40:17 Fletching
42:55 Caravan
58:07 Scale Mail Armor
57:48 Pikeman
59:24 Halberdier
60:09 Squires
59:55 Arson
60:19 Siege Engineers
60:32 Chain Mail Armor
60:13 Bodkin Arrow
61:47 Plate Mail Armor
62:34 Ballistics
62:10 Murder Holes
62:01 Arrowslits
67:56 Chemistry
Connection lost

Rejoining the realm…

Still unreachable

The connection could not be restored.

Session expired

The server has moved on; the page needs a fresh start.